 Dungeon Crawl Stone Soup version 0.29.0-11-gd7f09526c8 (webtiles) character file.

Game seed: 956547636693494827

22299 funkygono the Arsonist (level 12, 0/66 HPs)
             Began as a Gargoyle Fire Elementalist on Sept 5, 2022.
             Was a High Priest of Vehumet.
             Slain by a komodo dragon (17 damage)
             ... on level 3 of the Lair of Beasts.
             The game lasted 00:33:03 (13286 turns).

funkygono the Arsonist (GrFE)                      Turns: 13286, Time: 00:33:03

Health: 0/66       AC: 22    Str: 12    XL:     12   Next: 99%
Magic:  24/26      EV: 13    Int: 30    God:    Vehumet [*****.]
Gold:   2013       SH:  0    Dex: 10    Spells: 5/32 levels left

rFire   . . .      SeeInvis +   G - +5 mace (venom)
rCold   . . .      Faith    .   (no shield)
rNeg    + . .      Spirit   .   i - +3 steam dragon scales
rPois   ∞          Reflect  .   E - +2 helmet {Int+3}
rElec   +          Harm     .   T - +1 cloak {Stlth+}
rCorr   .          Rampage  .   J - +0 pair of gloves
Will    .....                   (no boots)
Stlth   ++++......              d - amulet of magic regeneration
HPRegen 0.21/turn               q - +6 ring of intelligence
MPRegen 0.60/turn               k - ring of see invisible

@: no status effects
A: sickness immunity, AC +8, negative energy resistance 1, electricity
resistance, torment resistance 1, petrification resistance
a: Renounce Religion


You were on level 3 of the Lair of Beasts.
You worshipped Vehumet.
Vehumet was extremely pleased with you.
You visited 3 branches of the dungeon, and saw 15 of its levels.
You also visited: Bailey.

You collected 2013 gold pieces.

Inventory:

Hand Weapons
 v - a +0 whip
 G - a +5 mace of venom (weapon)
 I - the +11 quarterstaff of the Twisting Dove {vorpal, Dex+4}
   (You found it on level 10 of the Dungeon)

   It inflicts extra damage upon your enemies.
   Dex:       It affects your dexterity (+4).
Armour
 i - +3 steam dragon scales (worn)
 E - a +2 helmet of intelligence (worn)
 J - a +0 pair of gloves (worn)
 O - the +2 leather armour "Veurapt" {rElec Str+2 Int+6 Slay+2}
   (You found it in a bailey)

   Str:       It affects your strength (+2).
   Int:       It affects your intelligence (+6).
   Slay:      It affects your accuracy & damage with ranged weapons and melee
   (+2).
   rElec:     It insulates you from electricity.
 P - the +4 Cigotuvi's embrace {rMiasma Drain rN+}
   (You found it in a bailey)

   It gathers nearby corpses to temporarily increase the armour it provides.
   It protects you from foul pestilence.
   rN:        It protects you from negative energy.
   Drain:     It drains your maximum health when unequipped.
 T - a +1 cloak of stealth (worn)
Magical Staves
 w - a staff of fire
Jewellery
 d - an amulet of magic regeneration (around neck)
 e - a ring of positive energy
 k - a ring of see invisible (right hand)
 q - a +6 ring of intelligence (left hand)
 R - a ring of protection from fire
 U - a ring of willpower
 V - an amulet of reflection
Wands
 t - a wand of paralysis (11)
 A - a wand of acid (10)
Scrolls
 a - a scroll of identify
 c - a scroll of poison
 g - 4 scrolls of fog
 j - 5 scrolls of teleportation
Potions
 b - 3 potions of magic
 l - a potion of invisibility
 m - a potion of cancellation
 n - 6 potions of heal wounds
 o - 2 potions of mutation
 p - 4 potions of curing
 r - a potion of ambrosia
 u - 3 potions of resistance
 x - a potion of lignification
 z - 10 potions of attraction
 B - 2 potions of berserk rage
 F - 3 potions of might
 S - a potion of brilliance


   Skills:
 + Level 3.7 Fighting
 + Level 6.1 Maces & Flails
 + Level 4.4 Dodging
 + Level 5.0 Stealth
 + Level 10.8 Spellcasting
 + Level 11.0 Conjurations
 + Level 11.1 Fire Magic
 + Level 1.0 Air Magic
 + Level 5.1 Earth Magic
 + Level 0.3 Poison Magic


You had 5 spell levels left.
You knew the following spells:

 Your Spells              Type           Power      Damage    Failure   Level
a - Foxfire               Conj/Fire      100%       2x1d9     1%          1
b - Scorch                Fire           100%       2d10      1%          2
c - Conjure Flame         Conj/Fire      70%        6-21      1%          3
d - Flame Wave            Conj/Fire      70%        2d16      1%          4
e - Freeze                Ice            64%        1d8       1%          1
f - Poisonous Vapours     Pois/Air       40%        N/A       1%          2
g - Stone Arrow           Conj/Erth      100%       3d13      1%          3
h - Lee's Rapid Deconstr  Erth           23%        3d14*     3%          5
i - Iron Shot             Conj/Erth      29%        9d6       5%          6

Your spell library contained the following spells:

 Spells                   Type           Power      Damage    Failure   Level
 Searing Ray              Conj           100%       2d8       1%          2
 Static Discharge         Conj/Air       51%        3-10/arc  1%          2
 Inner Flame              Hex/Fire       49%        N/A       1%          3
 Lightning Bolt           Conj/Air       25%        1d41      2%          5
 Apportation              Tloc           32%        N/A       3%          1
 Necrotise                Necr           64%        1d7       3%          1
 Summon Small Mammal      Summ           64%        N/A       3%          1
 Freezing Cloud           Conj/Ice/Air   20%        6-21      4%          5
 Airstrike                Air            11%        2d(2-18)  5%          4
 Ozocubu's Armour         Ice            16%        N/A       10%         3
 Vampiric Draining        Necr           16%        2d7       10%         3
 Animate Armour           Summ/Erth      62%        N/A       11%         4
 Corpse Rot               Necr/Pois/Air  19%        N/A       26%         4
 Summon Lightning Spire   Summ/Air       19%        N/A       26%         4
 Borgnjor's Vile Clutch   Necr/Erth      15%        N/A       30%         5
 Animate Dead             Necr           16%        N/A       32%         4
 Dispel Undead            Necr           16%        3d10      32%         4
 Agony                    Necr           16%        N/A       65%         5
 Blade Hands              Tmut           8%         N/A       65%         5
 Summon Forest            Summ/Tloc      8%         N/A       65%         5
 Summon Mana Viper        Hex/Summ       16%        N/A       65%         5
 Death Channel            Necr           8%         N/A       99%         6
 Simulacrum               Ice/Necr       8%         N/A       99%         6
 Summon Cactus Giant      Summ           8%         N/A       99%         6
 Ozocubu's Refrigeration  Ice            8%         4d9       99%         7
 Fire Storm               Conj/Fire      35%        8d9       100%        9
 Polar Vortex             Ice            8%         N/A       100%        9


Dungeon Overview and Level Annotations

Branches:
Dungeon (11/15)            Temple (1/1) D:4            Lair (3/5) D:9
  Swamp (0/4) Lair:2       Spider (0/4) Lair:3          Orc (0/2) D:11
 Bailey (visited)

Altars:
Ashenzari
Cheibriados
Dithmenos
Elyvilon
Fedhas
Hepliaklqana
Kikubaaqudgha
Makhleb
Nemelex Xobeh
Okawaru
Qazlal
Ru
Sif Muna
Uskayaw
Vehumet
Wu Jian
Xom
Yredelemnul
Zin
The Shining One

Shops:
D:4 *(=   D:11 [


Innate Abilities, Weirdness & Mutations

You are immune to sickness and miasma.
Your stone body is resilient. (AC +8)
You are immune to poison.
You resist negative energy. (rN+)
You are resistant to electric shocks. (rElec)
You are resistant to unholy torment.
You are immune to petrification.


Message History

Your foxfire dissipates!
The foxfire hits the komodo dragon but does no damage.
Your foxfire dissipates!
Casting: Foxfire (safe; 1% risk of failure)
Confirm with . or Enter, or press ? or * to list all spells.
You conjure some foxfire!
You sock the komodo dragon!
The komodo dragon is poisoned.
The komodo dragon is lightly wounded.
The foxfire hits the komodo dragon but does no damage.
The komodo dragon is lightly wounded.
The foxfire hits the komodo dragon.
The komodo dragon is moderately wounded.
The komodo dragon bites you!
You sock the komodo dragon!
The komodo dragon looks as sick as possible!
The komodo dragon is heavily wounded.
The komodo dragon barely misses you.
You hit the komodo dragon but do no damage.
The komodo dragon looks as sick as possible!
The komodo dragon is heavily wounded.
The komodo dragon bites you.
You hit the komodo dragon.
The komodo dragon looks as sick as possible!
The komodo dragon is severely wounded.
The komodo dragon closely misses you.
Casting: Foxfire (safe; 1% risk of failure)
Confirm with . or Enter, or press ? or * to list all spells.
Aiming: Stone Arrow (safe; 1% risk of failure)
Press: ? - help, Shift-Dir - straight line, f - komodo dragon
Aim: a komodo dragon (severely wounded, extremely poisoned, 84% to hit)
The stone arrow hits the komodo dragon!
The komodo dragon is almost dead.
The komodo dragon barely misses you.
Unknown command.
You closely miss the komodo dragon.
The komodo dragon is almost dead.
The komodo dragon bites you!
* * * LOW HITPOINT WARNING * * *
The komodo dragon bites you!
You die...

................## ***,,,,**
.................# *,,,**
.......[.........# *###***,,**
................## *#...,*,,*****
.................#*#....,,,,,,,,*
...........†#...##......,,,,,,,,∩
............#...##...⌠..,,,,,,,,*
.##...#.....#...#.......,,,,,****
...=..........#.@l....#***,,***
......#.##..###..⌠...##*,*,*,,*
..†...#.#.⌠.##.......$..,,*,,,*
.......#.....#..........,,,,,,**
.†.....#⌠.>,.+.⌠.>.⌠..⌠.,,*,,,,**
††.....#,..,,#..........,,+,,,,,,
.....###,,⌠,*...........,,**,,,,*
..#..#,,,,,*###..⌠...#.#***,,,,,,
.......,,,,,,***,,,,,,,,**,,,,,,*


You could see a komodo dragon (extremely poisoned).

Vanquished Creatures
  A hydra (Lair:3)
  A boulder beetle (D:11)
  A two-headed ogre (D:11)
  A deep elf pyromancer (Bailey)
  An orc knight (Bailey)
  An ugly thing (D:11)
  A cyclops (D:11)
  10 elephants
  2 cane toads
  4 torpor snails (Lair:3)
  2 kobold demonologists
  An unseen horror (D:11)
  3 trolls (D:11)
  5 blink frogs (Lair:2)
  A shadow (D:11)
  33 yaks
  2 wraiths
  5 vampire mosquitoes (D:11)
  A steam dragon (D:6)
  3 wargs
  An acid dragon (D:10)
  4 water moccasins
  Duvessa (D:4)
  6 orc warriors
  5 centaurs
  2 ogres
  A phantom (D:5)
  4 kobold brigands
  9 bullfrogs
  2 gnoll sergeants
  2 scorpions (D:6)
  11 wights
  Dowan (D:4)
  5 killer bees (D:10)
  8 howler monkeys
  A jelly (D:6)
  2 hounds
  5 orc priests
  8 iguanas
  15 orc wizards
  10 gnolls
  3 adders
  A shadow imp (D:7)
  A white imp (D:8)
  An ufetubus (D:7)
  4 worms
  2 dart slugs
  35 orcs
  6 endoplasms
  4 giant cockroaches
  11 goblins
  10 hobgoblins
  4 jackals (D:1)
  2 quokkas (D:2)
  6 ball pythons
  3 bats
  3 frilled lizards
  14 kobolds
  3 rats
  A bush (Lair:2)
296 creatures vanquished.

Vanquished Creatures (collateral kills)
  2 foxfires
2 creatures vanquished.

Vanquished Creatures (others)
  870 foxfires
  17 fungi
  19 plants
906 creatures vanquished.

Grand Total: 1204 creatures vanquished

Notes
Turn   | Place    | Note
-------+----------+-------------------------------------------
     0 | D:1      | funkygono the Gargoyle Fire Elementalist began the quest
                  | for the Orb.
     0 | D:1      | Reached XP level 1. HP: 10/10 MP: 3/3
   433 | D:1      | Reached XP level 2. HP: 15/15 MP: 5/5
   454 | D:1      | Learned a level 2 spell: Scorch
  1092 | D:2      | Reached XP level 3. HP: 19/19 MP: 6/6
  1096 | D:2      | Learned a level 3 spell: Conjure Flame
  1097 | D:2      | Found a burning altar of Makhleb.
  2071 | D:2      | Found a faded altar of an unknown god.
  2182 | D:3      | Reached skill level 1 in Maces & Flails
  2182 | D:3      | Reached XP level 4. HP: 24/24 MP: 7/7
  2831 | D:4      | Found Kasaot's Jewellery Boutique.
  2924 | D:4      | Noticed Duvessa
  2933 | D:4      | Killed Duvessa
  2934 | D:4      | Reached XP level 5. HP: 28/28 MP: 2/9
  2935 | D:4      | Noticed Dowan
  2942 | D:4      | Killed Dowan
  2943 | D:4      | Reached XP level 6. HP: 33/33 MP: 2/10
  3047 | D:4      | Reached skill level 1 in Fighting
  3147 | D:4      | Found Tesk's General Store.
  3187 | D:4      | Found a staircase to the Ecumenical Temple.
  3196 | Temple   | Entered the Ecumenical Temple
  3221 | Temple   | Became a worshipper of Vehumet
  3501 | D:4      | Found Jucyppo's Weapon Shop.
  3502 | D:4      | Reached XP level 7. HP: 38/38 MP: 9/12
  3548 | D:4      | Found a shadowy altar of Dithmenos.
  3762 | D:4      | Learned a level 4 spell: Flame Wave
  3801 | D:5      | Entered Level 5 of the Dungeon
  3801 | D:5      | You fall into a shaft and drop 2 floors!
  3855 | D:7      | Reached skill level 5 in Fire Magic
  4035 | D:7      | Reached XP level 8. HP: 24/43 MP: 10/14
  4241 | D:6      | Reached * piety under Vehumet
  4241 | D:6      | Offered knowledge of Freeze by Vehumet.
  4252 | D:6      | Reached skill level 5 in Spellcasting
  4551 | D:5      | Found an ornate altar of the Wu Jian Council.
  5131 | D:5      | Found a shimmering altar of Xom.
  5137 | D:5      | Learned a level 1 spell: Freeze
  5491 | D:6      | Reached XP level 9. HP: 48/48 MP: 17/17
  5833 | D:6      | Reached skill level 5 in Conjurations
  6007 | D:7      | Identified the +8 rapier of Death {venom, MP+9 Dex+4}
  6293 | D:8      | Offered knowledge of Poisonous Vapours by Vehumet.
  6299 | D:8      | Learned a level 2 spell: Poisonous Vapours
  6353 | D:8      | Reached ** piety under Vehumet
  6466 | D:8      | Reached XP level 10. HP: 24/53 MP: 14/20
  7036 | D:9      | Found a flagged portal.
  7078 | Bailey   | Entered a bailey
  7314 | Bailey   | Found a large runed translucent door.
  7314 | Bailey   | Found a large runed translucent door.
  7374 | Bailey   | Offered knowledge of Stone Arrow by Vehumet.
  7380 | Bailey   | Learned a level 3 spell: Stone Arrow
  7384 | Bailey   | Noticed an orc knight
  7391 | Bailey   | Killed an orc knight
  7547 | Bailey   | Noticed a deep elf pyromancer
  7549 | Bailey   | Found the +4 Cigotuvi's embrace {rMiasma Drain rN+}
  7659 | Bailey   | Killed a deep elf pyromancer
  7660 | Bailey   | Reached skill level 1 in Earth Magic
  7682 | Bailey   | Identified the +2 leather armour "Veurapt" {rElec Str+2
                  | Int+6 Slay+2}
  7762 | D:9      | Got the Anthology of Excruciating Heat
  7786 | D:9      | Reached *** piety under Vehumet
  7882 | D:9      | Found a staircase to the Lair.
  7968 | D:9      | Noticed a kobold demonologist
  8011 | D:9      | Noticed a sun demon
  8012 | D:9      | Noticed a soul eater
  8013 | D:9      | Killed a kobold demonologist
  8307 | D:10     | Entered Level 10 of the Dungeon
  8556 | D:10     | Noticed a kobold demonologist
  8568 | D:10     | Killed a kobold demonologist
  8569 | D:10     | Reached XP level 11. HP: 58/58 MP: 23/23
  8654 | D:10     | Identified the +11 quarterstaff of the Twisting Dove
                  | {vorpal, Dex+4}
  8764 | D:10     | Offered knowledge of Hailstorm by Vehumet.
  8766 | D:10     | Reached skill level 5 in Maces & Flails
  9137 | D:11     | Noticed a purple ugly thing
  9159 | D:11     | Killed a purple ugly thing
  9452 | D:11     | Reached **** piety under Vehumet
  9469 | D:11     | Reached skill level 10 in Fire Magic
  9536 | D:11     | Noticed a boulder beetle
  9545 | D:11     | Killed a boulder beetle
  9645 | D:11     | Noticed a cyclops
  9645 | D:11     | Noticed a two-headed ogre
  9652 | D:11     | Killed a two-headed ogre
  9672 | D:11     | Killed a cyclops
  9672 | D:11     | Offered knowledge of Lee's Rapid Deconstruction by Vehumet.
  9913 | D:11     | Found Winez's Armour Emporium.
  9955 | D:11     | Found a staircase to the Orcish Mines.
 10407 | D:11     | Reached XP level 12. HP: 53/64 MP: 25/25
 10740 | Lair:1   | Entered Level 1 of the Lair of Beasts
 11594 | Lair:1   | Reached skill level 10 in Spellcasting
 12053 | Lair:1   | Identified a scroll of acquirement
 12053 | Lair:1   | Acquired 1115 gold pieces
 12063 | Lair:1   | Learned a level 5 spell: Lee's Rapid Deconstruction
 12275 | Lair:2   | Found a staircase to the Swamp.
 12326 | Lair:2   | Reached skill level 10 in Conjurations
 13036 | Lair:2   | Learned a level 6 spell: Iron Shot
 13201 | Lair:3   | Found a snail-covered altar of Cheibriados.
 13212 | Lair:3   | Reached skill level 5 in Stealth
 13224 | Lair:3   | Noticed an eight-headed hydra
 13232 | Lair:3   | Killed an eight-headed hydra
 13238 | Lair:3   | Reached skill level 1 in Air Magic
 13252 | Lair:3   | Reached skill level 5 in Earth Magic
 13271 | Lair:3   | Reached ***** piety under Vehumet
 13286 | Lair:3   | Slain by a komodo dragon

Illustrated notes

Levels and vault maps discovered:
D:1:      dpeg_arrival_oval, layout_basic
D:2:      layout_basic, basic_altar, dilly_ecumenical_altar_fadedgnrine,
          minmay_quantized
D:3:      layout_loops_ring, nicolae_overflow_hidden_temple
D:4:      layout_cave_pools, mainiacjoe_overflow_six_doors_small, temple_green,
          serial_shops, nicolae_shop_hallway_stairs, nicolae_stop_n_shop_1,
          nicolae_lakefront_shop, serial_rivers, chequers_serial_rivers_micro_d,
          chequers_serial_rivers_marsh, chequers_serial_rivers_small_b,
          chequers_serial_rivers_micro_a, chequers_serial_rivers_micro_d,
          minivault_14, uniq_duvessa
D:5:      layout_loops_ring, mainiacjoe_overflow_swirl
D:6:      layout_basic
D:7:      layout_gridville
D:8:      layout_basic
D:9:      layout_cave_pools, erik_lair_orcish_takeover, enter_bailey_3,
          serial_glass, glass_columns_a, glass_columns_a
D:10:     layout_roguey
D:11:     minmay_razor_zed, layout_loops_ring, orc_0_dummy, serial_shops,
          nicolae_shop_hallway_plus
Temple:   bh_familiar_temple
Lair:1:   layout_hall_layers, grunt_megastairs_4
Lair:2:   layout_loops_ring, swamp_mist_pool, chequers_serial_rivers_small_b,
          infiniplex_staircase_pool_2
Lair:3:   layout_chaotic_city, spider_nest_entry_a,
          nicolae_volcano_entry_two_sided, kennysheep_snail_temple,
          lemuel_fruit_tree, grunt_megastairs_3

Skill      XL: |  1  2  3  4  5  6  7  8  9 10 11 12 |
---------------+-------------------------------------+-----
Maces & Flails | 1 2 3 4 5 6 |  6.1
Conjurations   | 2 3 4 6 8 9 11 | 11.0
Fire Magic     | 4 5 6 8 9 10 11 | 11.1
Dodging        | 2 3 4 |  4.4
Spellcasting   | 3 4 5 6 8 9 10 | 10.8
Fighting       | 1 2 3 |  3.7
Stealth        | 3 4 5 |  5.0
Earth Magic    | 2 3 5 |  5.1
Air Magic      | 1 |  1.0
Poison Magic   | |  0.3

Action                   |  1- 3 |  4- 6 |  7- 9 | 10-12 || total
-------------------------+-------+-------+-------+-------++-------
Melee: Mace              |    57 |    13 |    57 |   196 ||   323
       Punch             |       |       |       |     3 ||     3
 Cast: Foxfire           |    49 |    64 |   182 |   214 ||   509
       Scorch            |     3 |     5 |    13 |    17 ||    38
       Flame Wave        |       |       |     5 |    24 ||    29
       Stone Arrow       |       |       |       |   103 ||   103
       Poisonous Vapours |       |       |       |     4 ||     4
  Use: Scroll            |       |       |    25 |    12 ||    37
 Stab: Sleeping          |       |       |     1 |       ||     1
Armor: Robe              |    18 |     8 |     3 |       ||    29
       Steam dragon scal |       |       |    37 |   186 ||   223
Dodge: Dodged            |    34 |     9 |    55 |   173 ||   271
